 Dungeon Crawl Stone Soup version 0.26.0-45-g9c1d065592 (webtiles) character file.

Game seed: 3202900813426850606

(classic levelgen) 4 thiole the Sneak (level 1, -1/16 HPs)
             Began as an Octopode Delver on Jan 29, 2021.
             Slain by an adder (4 damage)
             ... on level 5 of the Dungeon.
             The game lasted 00:02:26 (356 turns).

thiole the Sneak (Octopode Delver)                   Turns: 356, Time: 00:02:26

Health: -1/16      AC:  1    Str: 11    XL:     1   Next: 60%
Magic:  1/1        EV: 13    Int: 12    God:
Gold:   35         SH:  0    Dex: 13    Spells: 0/0 levels left

rFire    . . .     SeeInvis .     - Unarmed
rCold    . . .     Faith    .   (no shield)
rNeg     . . .     Spirit   .   (helmet restricted)
rPois    .         Reflect  .   (no amulet)
rElec    .         Harm     .   (no ring)
rCorr    .         Rampage  .   (no ring)
Will     .....                  (no ring)
Stlth    ++++......             (no ring)
HPRegen  0.05/turn              (no ring)
MPRegen  0.07/turn              (no ring)
                                (no ring)
                                (no ring)

@: marked
A: almost no armour, stealthy swim, amphibious, 8 rings, constrict 8, camouflage
1, gelatinous body 1
a: no special abilities


You were on level 5 of the Dungeon.
You visited 1 branch of the dungeon, and saw 2 of its levels.

You collected 35 gold pieces.

Inventory:

Magical Staves
 h - an uncursed staff of cold {unknown}
Wands
 e - a wand of digging (3)
Scrolls
 a - a scroll of fog
 b - a scroll of magic mapping
 f - a scroll of identify {unknown}
Potions
 d - a potion of haste
 g - a potion of invisibility {unknown}


   Skills:
 - Level 3.0 Fighting
 - Level 2.0 Dodging
 * Level 6.9 Stealth
 - Level 2.0 Unarmed Combat


You couldn't memorise any spells.
You didn't know any spells.
Your spell library was empty.

Dungeon Overview and Level Annotations

Branches:
Dungeon (5/15)
 Temple: D:4-7

Altars:

Shops:
D:5 [!

Annotations:
D:5 Grinder, Sigmund


Innate Abilities, Weirdness & Mutations

You cannot wear most types of armour.
You are very stealthy in the water. (Stealth+)
You are amphibious.
You can wear up to eight rings at the same time.
You can use your tentacles to constrict eight enemies at once.
Your skin changes colour to match your surroundings (Stealth+).
Your rubbery body absorbs attacks. (AC +1, EV +1)


Message History

Found a scroll labelled OBLARPHUQEA.
The frilled lizard bites you.
Found an escape hatch in the ceiling.
A worker ant and an orc come into view.
An orc comes into view. It is wielding a +0 hand axe.
The worker ant moves out of view.
An orc comes into view. It is wielding a +0 club.
An adder comes into view.
An orc comes into view. It is wielding a +0 flail.
The orc moves out of view.
Found 13 gold pieces.
You see here a scroll labelled OBLARPHUQEA.
The orc hits you with a +0 hand axe.
An orc comes into view. It is wielding a +0 short sword.
Found an escape hatch in the floor.
The worker ant closely misses you. The worker ant barely misses you.
The adder bites you.
* * * LOW HITPOINT WARNING * * *
The adder bites you.
You die...

.#...#...o.#....#
.# .
......@....###.#..
##..###oo...##.....
#.. ##.(.##.$....
#. .###.Ol....# #
....oS.?..##
....###o...##
.....#SBl.##
.......@..#
.........##
#.........#
#.........#
#..#......# ..
#>.....# . ......##
........


You could see Sigmund, a water moccasin, an ogre, an iguana, a worker ant, an
adder, 4 orcs and a frilled lizard.

Vanquished Creatures
  An adder zombie (D:5)
  A jackal skeleton (D:5)
2 creatures vanquished.

Notes
Turn   | Place    | Note
-------+----------+-------------------------------------------
     0 | D:5      | thiole the Octopode Delver began the quest for the Orb.
     0 | D:5      | Reached XP level 1. HP: 16/16 MP: 1/1
     2 | D:5      | Found Xennuog's Antique Armour Shop.
    11 | D:5      | Found Zeqiorat's Distillery.
    20 | D:5      | Noticed an ogre
    23 | D:4      | Noticed an orc priest
    81 | D:5      | Noticed a water moccasin
    84 | D:5      | Noticed Grinder
   163 | D:5      | Noticed a hound
   344 | D:5      | Noticed Sigmund
   346 | D:5      | Noticed an iguana
   350 | D:5      | Noticed a worker ant
   356 | D:5      | Slain by an adder

Illustrated notes

Levels and vault maps discovered:
D:4:      corexii_shantytown, layout_basic, led_sif_book, vehumet_crystals,
          minmay_snake_closets
D:5:      layout_cave_pools, kennysheep_mini, serial_shops, shop,
          nicolae_shop_crystal, nicolae_shop_statue_plus, minmay_mini_ossuary,
          uniq_sigmund, uniq_grinder

Action                   || total
-------------------------++-------
Melee: Unarmed           ||     9
       Constrict         ||     2
       Tentacles         ||     2
  Use: Scroll            ||     1
 Stab: Sleeping          ||     1
Dodge: Dodged            ||     9
